 Dungeon Crawl Stone Soup version 0.24.1-14-gf8d2b50 (webtiles) character file.

Game seed: 3827486960280928136, levelgen mode: deterministic

56 shmeve the Skirmisher (level 3, -1/34 HPs)
             Began as a Minotaur Berserker on June 14, 2020.
             Was a Believer of Trog.
             Slain by a sky beast (2 damage)
             ... on level 2 of the Dungeon.
             The game lasted 00:01:36 (1134 turns).

shmeve the Skirmisher (Minotaur Berserker)          Turns: 1134, Time: 00:01:36

Health: -1/34      AC:  2    Str: 21    XL:     3   Next: 69%
Magic:  2/2        EV: 12    Int:  5    God:    Trog [**....]
Gold:   9          SH:  0    Dex:  9    Spells: 2/2 levels left

rFire    . . .     SeeInvis .   a - +0 hand axe
rCold    . . .     Gourm    .   (no shield)
rNeg     . . .     Faith    .   b - +0 animal skin
rPois    .         Spirit   .   (helmet restricted)
rElec    .         Reflect  .   (no cloak)
rCorr    .         Harm     .   (no gloves)
MR       .....                  (no boots)
Stlth    +.........             (no amulet)
HPRegen  0.11/turn              (no ring)
MPRegen  0.08/turn              (no ring)

@: no status effects
A: retaliatory headbutt, horns 2
a: Berserk, Trog's Hand, Renounce Religion


You were on level 2 of the Dungeon.
You worshipped Trog.
Trog was pleased with you.
You were hungry.

You visited 1 branch of the dungeon, and saw 2 of its levels.

You collected 9 gold pieces.

Inventory:

Hand Weapons
 a - a +0 hand axe (weapon)
Armour
 b - a +0 animal skin (worn)
Scrolls
 f - 2 scrolls of identify {unknown}
 g - a scroll of remove curse {unknown}
 h - 2 scrolls of amnesia {unknown}
Potions
 e - a potion of ambrosia {unknown}
Comestibles
 c - 2 rations


   Skills:
 * Level 4.4 Fighting
 * Level 4.2 Axes
 + Level 1.1 Throwing
 + Level 2.9 Armour
 + Level 2.6 Dodging


You had 2 spell levels left.
You didn't know any spells.
Your spell library was empty.

Dungeon Overview and Level Annotations

Branches:
Dungeon (2/15)

Altars:


Innate Abilities, Weirdness & Mutations

You reflexively headbutt those who attack you in melee.
You have a pair of horns on your head.


Message History

The bat barely misses you.
Found a stone staircase leading down.
You slash the bat!
You kill the bat!
Trog accepts your kill.
The sky beast flickers out of sight!
Deactivating autopickup; reactivate with Ctrl-A.
You slash something! Your headbutt misses something. Something hits you.
Something shocks you.
You hit something. Something hits you. Something shocks you.
You hit something but do no damage. Something hits you. Something shocks you.
* * * LOW HITPOINT WARNING * * *
You hit something. Something hits you.
* * * LOW HITPOINT WARNING * * *
Something shocks you.
* * * LOW HITPOINT WARNING * * *
You hit something. You headbutt something.
A sky beast appears from thin air!
Reactivating autopickup.
The sky beast hits you.
You die...

. .. ... ....
######### .....
.......
....>.###.##.##
#...<......#..#
#......#@........#
...###.#Y##..##..#
. ..... >.#
.#.#.##### #......
....... #....#.#
... .#.#


You could see a sky beast.

Vanquished Creatures
  A gnoll (D:1)
  3 dart slugs (D:1)
  4 bats
  3 giant cockroaches (D:1)
  A goblin (D:1)
  4 hobgoblins (D:1)
  8 jackals (D:1)
  4 frilled lizards (D:1)
  3 kobolds (D:1)
  6 rats (D:1)
37 creatures vanquished.

Notes
Turn   | Place    | Note
-------+----------+-------------------------------------------
     0 | D:1      | shmeve the Minotaur Berserker began the quest for the Orb.
     0 | D:1      | Reached XP level 1. HP: 19/19 MP: 0/0
    68 | D:1      | Reached XP level 2. HP: 27/27 MP: 1/1
   309 | D:1      | Reached XP level 3. HP: 33/33 MP: 2/2
   393 | D:1      | Reached ** piety under Trog
   394 | D:1      | Reached skill level 1 in Throwing
  1123 | D:2      | Noticed a sky beast
  1133 | D:2      | HP: 1/34 [something (5)]
  1134 | D:2      | Slain by a sky beast

Levels and vault maps discovered:
D:1:      sevenhm_arrival_forest_fort_small_5, layout_loops_ring,
          hangedman_decor_push, minmay_misc_feat_doors, chequers_mini_garden,
          minmay_misc_feat_roman, chequers_avenue, chequers_serial_rivers_marsh
D:2:      layout_basic, chequers_ecumenical_altar_simple_redux,
          minmay_tromino_v4_b

Skill      XL: |  1  2  3 |
---------------+----------+-----
Fighting       | 4 |  4.4
Axes           | 4 |  4.2
Throwing       | 1 |  1.1
Armour         | |  2.9
Dodging        | |  2.6

Action                   || total
-------------------------++-------
Melee: Hand axe          ||    73
       Headbutt          ||     9
Armor: Animal skin       ||    15
Dodge: Dodged            ||    69
